 Dungeon Crawl Stone Soup version 0.32-a0-818-gb728d0252e (webtiles) character file.

Game seed: 10287320086532393295

67 shadizar the Magician (level 4, 0/31 HPs)
             Began as a Djinni Air Elementalist on Mar 23, 2024.
             Slain by a goblin
             ... wielding a +0 club
             ... led by Robin
              (2 damage)
             ... on level 2 of the Dungeon.
             The game lasted 00:01:02 (1474 turns).

shadizar the Magician (Djinni Air Elementalist)     Turns: 1474, Time: 00:01:03

Health: 0/31       AC:  3    Str:  7    XL:     4   Next: 38%
Gold:   112        EV: 11    Int: 18    God:
                   SH:  0    Dex: 14

rFire   + + .        (no weapon)
rCold   x . .        (no shield)
rNeg    . . .        a - +0 robe
rPois   ∞            (no helmet)
rElec   .            (no cloak)
rCorr   .            k - +0 pair of gloves
SInv    .            (boots unavailable)
Will    .....        (no amulet)
Stlth   ++           (no ring)
HPRegen 0.25/turn    (no ring)
MPRegen 0.00/turn

%: infuse magic (-1 HP)
@: flying
A: sickness immunity, fire resistance 2, cold vulnerability 1, float, innate
caster, HP casting, extra vitality 1
a: no special abilities


You were on level 2 of the Dungeon.
You visited 1 branch of the dungeon, and saw 3 of its levels.

You collected 112 gold pieces.

Inventory:

Armour
 a - a +0 robe (worn)
 k - a +0 pair of gloves (worn)
Scrolls
 h - a scroll of identify {unknown}
 i - a scroll of blinking {unknown}
 j - a scroll of fog {unknown}
 l - a scroll of poison {unknown}
Potions
 b - a potion of curing {unknown}
 c - a potion of lignification {unknown}
 d - a potion of berserk rage {unknown}
 e - a potion of degeneration {unknown}
 f - a potion of haste {unknown}
 g - a potion of brilliance {unknown}


   Skills:
 - Level 2.1 Dodging
 - Level 1.5 Stealth
 + Level 4.3 Spellcasting
 + Level 4.3 Conjurations
 + Level 4.3 Hexes
 + Level 4.3 Summonings
 + Level 4.3 Necromancy
 + Level 4.3 Translocations
 + Level 4.3 Fire Magic
 + Level 4.3 Ice Magic
 + Level 4.3 Air Magic
 + Level 4.3 Earth Magic
 + Level 4.3 Alchemy


You knew the following spells:

 Your Spells              Type           Power      Damage    Failure   Level
a - Shock                 Conj/Air       76%        1d7       2%          1
b - Static Discharge      Conj/Air       38%        3-5/arc   3%          2
c - Swiftness             Air            19%        N/A       7%          3
d - Airstrike             Air            9%         2d(2-18)  24%         4
e - Kiss of Death         Conj/Necr      76%        2d11      2%          1
Your spell library was empty.

Dungeon Overview and Level Annotations

Branches:
Dungeon (3/15)

Altars:

Annotations:
D:3 Robin


Innate Abilities, Weirdness & Mutations

You are immune to sickness and miasma.
You are immune to poison.
Your flesh is very heat resistant. (rF++)
You are vulnerable to cold. (rC-)
You float through the air rather than walking.
You learn spells naturally, not from books.
Your magical power is your life essence.
You have superior vitality. (+4 MHP)


Message History

The hobgoblin is severely wounded.
The lightning grounds out.
The hobgoblin is struck by an arc of lightning.
You kill the hobgoblin!
You are struck by an arc of lightning.
The endoplasm is struck by an arc of lightning.
You kill the endoplasm!
The lightning grounds out.
The goblin hits you with a +0 club.
Unknown command.
Unknown command.
Unknown command.
Unknown command.
Unknown command.
Unknown command.
Unknown command.
Unknown command.
Unknown command.
Unknown command.
Unknown command.
Unknown command.
Unknown command.
Unknown command.
Unknown command.
The goblin hits you with a +0 dagger.
* * * LOW HITPOINT WARNING * * *
The adder barely misses you. The hobgoblin hits you.
* * * LOW HITPOINT WARNING * * *
You fly upwards.
There is a stone staircase leading down here.
Unknown command.
Casting: Static Discharge (safe; 3% risk of failure)
Confirm with . or Enter, or press ? or * to list all spells.
The hobgoblin is struck by an arc of lightning.
The hobgoblin is almost dead.
You are struck by an arc of lightning.
* * * LOW HITPOINT WARNING * * *
The lightning grounds out.
* * * LOW HITPOINT WARNING * * *
The goblin hits you with a +0 club.
You die...

#...........#########.#
###'##.####...........#.##
#....#.# #.###...........
#....#.# #.#...#######...
#....#.# #...##### #..# ##.....#
#..#....# #... #.....#
#..#....#####..#
#.....####..#............
##......g@gS##............
#......##g#.##....#####...
##.#+##.##.#.####### #...
#######.................######...
#................#...............
#######..#.##.##.#..##########...
#.......##.#..##########...
#..#.##.##.................
#..#.##.##....###.#######..


You could see an adder, a hobgoblin and 2 goblins.

Vanquished Creatures
  2 adders (D:2)
  A dart slug (D:1)
  3 ball pythons
  3 bats
  6 endoplasms
  5 hobgoblins
  2 jackals (D:2)
  A frilled lizard (D:2)
  10 goblins
  3 kobolds
  3 rats
39 creatures vanquished.

Notes
Turn   | Place    | Note
-------+----------+-------------------------------------------
     0 | D:1      | shadizar the Djinni Air Elementalist began the quest for
                  | the Orb.
     0 | D:1      | shadizar set off with the following spells memorised:
                  | Shock, Static Discharge, Swiftness, Airstrike.
     0 | D:1      | Reached XP level 1. HP: 15/15 MP: 0/0
   119 | D:1      | Reached XP level 2. HP: 21/21 MP: 0/0
   471 | D:1      | Reached XP level 3. HP: 22/25 MP: 0/0
   471 | D:1      | Learned a level 1 spell: Kiss of Death
   665 | D:2      | Found a faded altar of an unknown god.
   877 | D:2      | Reached XP level 4. HP: 28/31 MP: 0/0
  1468 | D:3      | Noticed Robin
  1474 | D:2      | Slain by a goblin

Illustrated notes

Levels and vault maps discovered:
D:1:      zelgadis_glass_arrival_small, layout_rooms
D:2:      layout_basic, shapermc_ecumenical_altar_notcrosses
D:3:      layout_rooms, mainiacjoe_overflow_surrounded_room, uniq_robin

Skill      XL: |  1  2  3 |
---------------+----------+-----
Spellcasting   | 4 |  4.3
Conjurations   | 4 |  4.3
Hexes          | 4 |  4.3
Summonings     | 4 |  4.3
Necromancy     | 4 |  4.3
Translocations | 4 |  4.3
Fire Magic     | 4 |  4.3
Ice Magic      | 4 |  4.3
Air Magic      | 4 |  4.3
Earth Magic    | 4 |  4.3
Alchemy        | 4 |  4.3
Dodging        | |  2.1
Stealth        | |  1.5

Action                     |  1- 3 |  4- 6 || total
---------------------------+-------+-------++-------
   Cast: Shock             |    49 |    15 ||    64
         Static Discharge  |       |     4 ||     4
 Armour: Robe              |     2 |    16 ||    18
  Dodge: Dodged            |     1 |     5 ||     6

Table legend: (Time is in decaauts)
 A = Elapsed time spent in this place.
 B = Non-inter-level travel time spent in this place.
 C = Inter-level travel time spent in this place.
 D = Time resting spent in this place.
 E = Time spent auto-exploring this place.
 F = Levels seen in this place.
 G = Mean time per level.
                   A        B        C        D        E       F      G
               +--------+--------+--------+--------+--------+-----+--------+
         Total |   1474 |   1393 |     81 |      0 |   1194 |   3 |  491.3 |
       Dungeon |   1474 |   1393 |     81 |      0 |   1194 |   3 |  491.3 |
               +--------+--------+--------+--------+--------+-----+--------+

Top non-repeatable levels by time:
     D:2: 916 daAuts
     D:1: 546 daAuts
     D:3: 11 daAuts
